 Dungeon Crawl Stone Soup version 0.32-a0-643-ga006e7742e (webtiles) character file.

Game seed: 13339268455279256192

2006 croobank the Sneak (level 9, 0/52 HPs)
             Began as an Octopode Fire Elementalist on Mar 7, 2024.
             Was a Priest of Ru.
             Slain by Maurice
             ... wielding a +1 heavy morningstar
              (4 damage)
             ... on level 7 of the Dungeon.
             The game lasted 00:18:53 (6156 turns).

croobank the Sneak (Octopode Fire Elementalist)     Turns: 6156, Time: 00:18:53

Health: 0/52       AC:  1    Str:  8    XL:     9   Next: 22%
Magic:  5/15       EV: 19    Int: 21    God:    Ru [***...]
Gold:   0          SH:  0    Dex: 12    Spells: 11/17 levels left

rFire   + + .        a - +5 short sword (drain)
rCold   x . .        (no shield)
rNeg    . . .        (helmet restricted)
rPois   .            (no amulet)
rElec   .            n - +5 ring of evasion
rCorr   .            q - ring of fire
SInv    .            b - ring of protection from fire
Will    .....        (no ring)
Stlth   ++++         (no ring)
HPRegen 0.28/turn    (no ring)
MPRegen 0.14/turn    (no ring)
                     (no ring)

%: no passive effects
@: no status effects
A: almost no armour, amphibious, 8 rings, camouflage 1, frail 1, gelatinous body
1, inability to drink after injury 2, (nimble swimmer 1), tentacles
a: Renounce Religion, Draw Out Power


You were on level 7 of the Dungeon.
You worshipped Ru.
Ru was most pleased with you.
You visited 1 branch of the dungeon, and saw 7 of its levels.
You also visited: Sewer.

You collected 135 gold pieces.
You spent 135 gold pieces at shops.

Inventory:

Hand Weapons
 a - a +5 short sword of draining (weapon)
 h - a +0 long sword
 l - a +2 short sword of holy wrath
 w - a +3 trident of draining
Missiles
 r - 2 atropa-tipped darts
Jewellery
 b - a ring of protection from fire (on tentacle)
 n - a +5 ring of evasion (left tentacle)
 q - a ring of fire (right tentacle)
Wands
 k - a wand of digging (9)
Scrolls
 c - a scroll of amnesia
 f - 2 scrolls of fog
 u - a scroll of blinking
Potions
 d - 6 potions of curing
 g - a potion of mutation
 i - a potion of ambrosia
 o - a potion of enlightenment
 p - a potion of attraction
 s - 2 potions of degeneration {unknown}
 x - 2 potions of magic
 z - a potion of lignification {unknown}


   Skills:
 + Level 3.8 Fighting
 + Level 5.0 Dodging
 + Level 7.0 Stealth
 + Level 4.5 Spellcasting
 + Level 4.6 Conjurations
 + Level 3.4 Hexes
 + Level 5.5 Fire Magic


You had 11 spell levels left.
You knew the following spells:

 Your Spells              Type           Power      Damage    Failure   Level
a - Foxfire               Conj/Fire      100%       2x1d9     1%          1
b - Scorch                Fire           84%        2d8       1%          2
c - Inner Flame           Hex/Fire       35%        N/A       5%          3

Your spell library contained the following spells:

 Spells                   Type           Power      Damage    Failure   Level
 Slow                     Hex            76%        N/A       2%          1
 Momentum Strike          Conj/Tloc      28%        3d8       7%          2
 Ensorcelled Hibernation  Hex/Ice        24%        N/A       9%          2
 Confusing Touch          Hex            19%        N/A       9%          3
 Sigil of Binding         Hex            19%        N/A       9%          3
 Tukima's Dance           Hex            19%        N/A       9%          3
 Volatile Blastmotes      Fire/Tloc      48%        2d14      11%         3
 Sandblast                Erth           8%         2d5       12%         1
 Stone Arrow              Conj/Erth      28%        3d8       13%         3
 Flame Wave               Conj/Fire      39%        2d11      14%         4
 Blink                    Tloc           8%         N/A       17%         2
 Lesser Beckoning         Tloc           8%         N/A       17%         2
 Call Canine Familiar     Summ           4%         N/A       34%         3
 Fugue of the Fallen      Necr           4%         N/A       34%         3
 Passwall                 Erth           4%         N/A       34%         3
 Vampiric Draining        Necr           4%         2d6       34%         3
 Brom's Barrelling Bould  Conj/Erth      14%        2d4       41%         4
 Anguish                  Hex/Necr       6%         N/A       50%         4
 Dimensional Bullseye     Hex/Tloc       6%         N/A       50%         4
 Passage of Golubria      Tloc           4%         N/A       75%         4
 Yara's Violent Unravell  Hex/Alch       6%         3d5       83%         5


Dungeon Overview and Level Annotations

Branches:
Dungeon (7/15)             Temple (0/1) D:5           Sewer (visited)

Altars:
Ru

Shops:
D:1 (   D:5 *:

Annotations:
D:7 Maurice


Innate Abilities, Weirdness & Mutations

You cannot wear most types of armour.
You are amphibious.
You can wear up to eight rings at the same time.
Your skin changes colour to match your surroundings (Stealth+).
You are frail. (-10% HP)
Your rubbery body absorbs attacks. (AC +1, EV +1)
You sometimes lose the ability to drink potions when taking damage.
((You are camouflaged when in or above water. (Stealth+)))
You have tentacles for arms and can constrict up to eight enemies at once.


Message History

a +0 hand axe; a +0 dagger You hit something.
You squeeze something. Something hits you.
You hit something. Something hits you.
You hit something. Your squeeze misses something.
You hear some strange, mumbled words.
A puff of flame appears from out of thin air!
The puff of flame hits you. You resist.
* * * LOW HITPOINT WARNING * * *
You feel much better.
You redirect something's attack!
You feel much better.
You hear some strange, mumbled words.
A puff of flame appears from out of thin air!
The puff of flame hits you. You resist. Something hits you!!
Ouch! That really hurt!
Something steals your 3 javelins! Something barely misses you.
Casting: Scorch (safe; 1% risk of failure)
Confirm with . or Enter, or press ? or * to list all spells.
You feel a surge of power!
Flames lash the orc.
The orc is severely wounded.
The orc's fire resistance burns away.
Something hits you.
Casting: Scorch (safe; 1% risk of failure)
Confirm with . or Enter, or press ? or * to list all spells.
You feel a surge of power!
Flames lash the orc.
The orc is burned terribly!
You kill the orc!
You hear some strange, mumbled words.
A magic dart appears from out of thin air!
The magic dart hits you.
* * * LOW HITPOINT WARNING * * *
Casting: Scorch (safe; 1% risk of failure)
Confirm with . or Enter, or press ? or * to list all spells.
You feel a surge of power!
Flames lash something.
Reactivating autopickup.
You feel a bit more experienced. Something hits you!
* * * LOW HITPOINT WARNING * * *
Something steals 330 gold pieces!
You now have 0 gold pieces.
Deactivating autopickup; reactivate with Ctrl-A.
Something bites you.
You die...
Ru respects your ultimate sacrifice.

####.. ##. ## # #+# #
#.# # #.# # .#########
##.######## #
.....))@)###.........# #
......##{##.....####.###
#.###.##.###...#........
#............###.###
####.#####.### #.# #.#
#.# #.# ..# #.#####.#
#### #.......# #########


There were no monsters in sight!

Vanquished Creatures
  Jeremiah (D:6)
  Sigmund (D:5)
  Pargi (D:3)
  2 ice beasts
  A black bear (D:6)
  An orc warrior (D:6)
  2 ogres (D:6)
  A centaur (D:6)
  A phantom (D:5)
  2 brain worms (Sewer)
  A scorpion (D:7)
  2 howler monkeys
  A bombardier beetle (D:4)
  2 hounds (D:6)
  An orc priest (D:6)
  An iguana (D:5)
  2 orc wizards (D:7)
  6 river rats
  16 adders
  A white imp (D:5)
  2 dart slugs (D:2)
  A ribbon worm (D:4)
  12 orcs
  7 endoplasms
  6 giant cockroaches
  5 goblins
  4 hobgoblins
  2 jackals (D:1)
  4 quokkas
  11 ball pythons
  5 bats
  9 frilled lizards
  9 kobolds
  10 rats
133 creatures vanquished.

Vanquished Creatures (others)
  128 foxfires
128 creatures vanquished.

Grand Total: 261 creatures vanquished

Notes
Turn   | Place    | Note
-------+----------+-------------------------------------------
     0 | D:1      | croobank the Octopode Fire Elementalist began the quest for
                  | the Orb.
     0 | D:1      | Reached XP level 1. HP: 11/11 MP: 3/3
    19 | D:1      | Found Tuar's Weapon Emporium.
   229 | D:1      | Found a faded altar of an unknown god.
   275 | D:1      | Reached XP level 2. HP: 17/17 MP: 5/5
   296 | D:1      | Reached skill level 3 in Stealth
   367 | D:1      | Learned a level 2 spell: Scorch
   684 | D:1      | Prayed at the altar of an unknown god.
   684 | D:1      | Became a worshipper of Ru the Awakened
   687 | D:1      | Gained mutation: You occasionally lose the ability to drink
                  | potions when taking damage. [Ru sacrifice]
   687 | D:1      | Gained mutation: You sometimes lose the ability to drink
                  | potions when taking damage. [Ru sacrifice]
   687 | D:1      | Reached * piety under Ru
  1059 | D:2      | Reached XP level 3. HP: 21/21 MP: 6/6
  1628 | D:3      | Noticed Pargi
  1637 | D:3      | Killed Pargi
  1638 | D:3      | Reached skill level 4 in Stealth
  1638 | D:3      | Reached XP level 4. HP: 6/27 MP: 0/8
  1638 | D:3      | Reached XP level 5. HP: 7/31 MP: 0/9
  2538 | D:4      | Reached XP level 6. HP: 37/37 MP: 7/10
  3328 | D:5      | Entered Level 5 of the Dungeon
  3340 | D:5      | Learned a level 3 spell: Inner Flame
  3456 | D:5      | Reached skill level 1 in Fighting
  3566 | D:5      | Found Zioqin's Assorted Antiques.
  3574 | D:5      | Bought a wooden ring for 135 gold pieces
  3605 | D:5      | Gained mutation: You are frail. (-10% HP) [Ru sacrifice]
  3605 | D:5      | Reached ** piety under Ru
  3605 | D:5      | Reached *** piety under Ru
  3607 | D:5      | Noticed Sigmund
  3612 | D:5      | Killed Sigmund
  3613 | D:5      | Reached skill level 5 in Stealth
  3613 | D:5      | Reached skill level 1 in Hexes
  3613 | D:5      | Reached XP level 7. HP: 38/38 MP: 1/12
  3794 | D:5      | Found Lijygiud's Book Shop.
  3811 | D:5      | Found a staircase to the Ecumenical Temple.
  4275 | D:6      | Noticed Jeremiah
  4315 | D:6      | Killed Jeremiah
  4316 | D:6      | Reached XP level 8. HP: 41/45 MP: 1/13
  4482 | D:6      | Reached skill level 6 in Stealth
  4528 | D:6      | Found a glowing drain.
  4532 | Sewer    | Entered a sewer
  4629 | Sewer    | Reached skill level 5 in Fire Magic
  5429 | D:6      | Reached XP level 9. HP: 48/51 MP: 1/15
  5849 | D:6      | Reached skill level 7 in Stealth
  6046 | D:7      | Reached skill level 5 in Dodging
  6133 | D:7      | Noticed Maurice
  6146 | D:7      | Something stole a +1 scythe of venom
  6153 | D:7      | Something stole 3 javelins
  6156 | D:7      | Something stole 330 gold
  6156 | D:7      | Slain by Maurice

Illustrated notes

Levels and vault maps discovered:
D:1:      lightli_arrival_chessboard, layout_basic, serial_shops,
          nicolae_shop_just_a_little_nook, chequers_ecumenical_altar_simple
D:2:      layout_rooms
D:3:      layout_loops_cross, kennysheep_generic_room_8, uniq_pargi
D:4:      layout_basic
D:5:      layout_loops_ring, minmay_temple_entry_statues_pillars, serial_shops,
          shop, shop, uniq_sigmund
D:6:      layout_loops_ring, lightli_sewer_entry_pipes, uniq_jeremiah
D:7:      layout_loops_corners, uniq_maurice, uniq_joseph

Skill      XL: |  1  2  3  4  5  6  7  8  9 |
---------------+----------------------------+-----
Stealth        | 3 4 5 6 7 |  7.0
Conjurations   | 2 3 4 |  4.6
Dodging        | 3 4 5 |  5.0
Spellcasting   | 3 4 |  4.5
Fire Magic     | 4 5 |  5.5
Fighting       | 1 2 3 |  3.8
Hexes          | 1 2 3 |  3.4

Action                     |  1- 3 |  4- 6 |  7- 9 || total
---------------------------+-------+-------+-------++-------
  Melee: Short sword       |    36 |    34 |    57 ||   127
         Constrict         |    15 |    11 |    10 ||    36
         Tentacles         |     8 |     6 |    12 ||    26
   Cast: Foxfire           |    19 |    14 |    43 ||    76
         Scorch            |    11 |    21 |    43 ||    75
         Inner Flame       |       |       |     2 ||     2
 Invoke: Sacrifice Drink   |     1 |       |       ||     1
         Sacrifice Health  |       |     1 |       ||     1
         Draw Out Power    |       |       |     1 ||     1
    Use: Potion            |     2 |       |     3 ||     5
         Scroll            |       |     7 |     8 ||    15
   Stab: Sleeping          |     7 |    11 |     7 ||    25
 Armour: Skin              |    19 |     8 |    25 ||    52
  Dodge: Dodged            |    27 |    24 |    60 ||   111

Table legend: (Time is in decaauts)
 A = Elapsed time spent in this place.
 B = Non-inter-level travel time spent in this place.
 C = Inter-level travel time spent in this place.
 D = Time resting spent in this place.
 E = Time spent auto-exploring this place.
 F = Levels seen in this place.
 G = Mean time per level.
                   A        B        C        D        E       F      G
               +--------+--------+--------+--------+--------+-----+--------+
         Total |   6150 |   6018 |    132 |    651 |   4174 |   8 |  768.8 |
       Dungeon |   5479 |   5347 |    132 |    429 |   3930 |   7 |  782.7 |
         Sewer |    670 |    670 |      0 |    222 |    244 |   1 |  670.0 |
               +--------+--------+--------+--------+--------+-----+--------+

Top non-repeatable levels by time:
     D:6: 1082 daAuts
     D:1: 1002 daAuts
     D:5: 911 daAuts
     D:3: 884 daAuts
     D:4: 839 daAuts
   Sewer: 670 daAuts
     D:2: 598 daAuts
     D:7: 159 daAuts
